 Dungeon Crawl Stone Soup version 0.20-a0-2-g2b0e13a (webtiles) character file.

114 dobroeutro the Twirler (level 4, -5/34 HPs)
             Began as a Demonspawn Gladiator on Oct 29, 2016.
             Slain by Sigmund
             ... wielding a +0 scythe
              (7 damage)
             ... on level 3 of the Dungeon.
             The game lasted 00:01:58 (1334 turns).

dobroeutro the Twirler (Demonspawn Gladiator)       Turns: 1334, Time: 00:01:58

Health: -5/34      AC:  4    Str: 16    XL:     4   Next: 66%
Magic:  4/4        EV: 13    Int: 10    God:
Gold:   97         SH:  0    Dex: 13    Spells: 0 memorised, 3 levels left

rFire  . . .     SeeInvis .     a - +0 quarterstaff
rCold  . . .     Gourm    .     b - +0 leather armour
rNeg   . . .     Faith    .     (shield currently unavailable)
rPois  .         Spirit   .     (helmet restricted)
rElec  .         Reflect  .     (no cloak)
rCorr  .         Harm     .     o - +0 pair of gloves
MR     .....     Rnd*Tele +     (no boots)
Stlth  +.........               (no amulet)
                                (no ring)
                                s - ring of teleportation (curse)

@: no status effects
A: antennae 1
a: no special abilities


You were on level 3 of the Dungeon.
You were not hungry.

You visited 1 branch of the dungeon, and saw 3 of its levels.

You collected 97 gold pieces.

Inventory:

Hand Weapons
 a - a +0 quarterstaff (weapon)
Missiles
 d - 3 throwing nets (quivered)
Armour
 b - a +0 leather armour (worn)
 c - a +0 helmet
 o - a +0 pair of gloves (worn)
Jewellery
 s - a cursed ring of teleportation (left hand)
Scrolls
 h - a scroll of blinking {unknown}
 i - a scroll of magic mapping {unknown}
 j - 3 scrolls of identify {unknown}
 m - a scroll of immolation {unknown}
 n - a scroll of remove curse {unknown}
 q - a scroll of amnesia {unknown}
 r - 3 scrolls of teleportation {unknown}
Potions
 e - 3 potions of curing
 g - a potion of heal wounds {unknown}
 k - 2 potions of invisibility {unknown}
 l - a potion of resistance {unknown}
 p - 2 potions of degeneration {unknown}
 t - a potion of ambrosia {unknown}
 u - 3 potions of mutation {unknown}
Comestibles
 f - 3 bread rations
 w - a meat ration


   Skills:
 + Level 2.9 Fighting
 + Level 3.4 Staves
 - Level 1.7 Throwing
 + Level 1.9 Armour
 + Level 3.3 Dodging


You had 3 spell levels left.
You didn't know any spells.

Dungeon Overview and Level Annotations

Branches:
Dungeon (3/15)

Altars:
Kikubaaqudgha
Makhleb
Qazlal
Sif Muna
Zin

Annotations:
D:3 Sigmund


Innate Abilities, Weirdness & Mutations

You have a pair of small antennae on your head.


Message History

You open the door.
There is an open door here.
All of the chunks of flesh in your inventory have rotted away.
Found a short sword.
Sigmund the Dreaded comes into view.
He is wielding a scythe.
Sigmund shouts!
Sigmund points at you and mumbles some strange words.
The magic dart hits you!
Sigmund is nearby!
Sigmund mumbles some strange words.
Sigmund flickers and vanishes!
Deactivating autopickup; reactivate with Ctrl-A.
Something hits you!
You hit something. You closely miss something. Something hits you!
* * * LOW HITPOINT WARNING * * *
You sock something! Something hits you.
* * * LOW HITPOINT WARNING * * *
You barely miss something. Something hits you!
You die...

# ### #...#########.##
#...{@.......#########
#...###...##............
# #.....#)..##.#.###.
##...#######.#.# #.
##.## #.#.###. #.#
#.#...#. #.# #.###.#.
##+# #.###.#. ##...##
#.......


There were no monsters in sight!

Vanquished Creatures
  An orc priest (D:3)
  2 adders (D:2)
  An ooze (D:2)
  2 worms (D:2)
  A dart slug (D:2)
  3 leopard geckos
  2 orcs (D:3)
  10 bats
  3 giant cockroaches
  2 goblins
  5 hobgoblins
  3 jackals (D:3)
  A ball python (D:2)
  5 frilled lizards
  4 kobolds
  8 rats
53 creatures vanquished.

Notes
Turn   | Place    | Note
-------+----------+-------------------------------------------
     0 | D:1      | dobroeutro the Demonspawn Gladiator began the quest for the Orb.
     0 | D:1      | Reached XP level 1. HP: 16/16 MP: 1/1
    72 | D:1      | Gained mutation: You have a pair of small antennae on your head. [demonic ancestry]
    72 | D:1      | Reached XP level 2. HP: 22/22 MP: 2/2
   265 | D:1      | Reached skill level 1 in Armour
   386 | D:2      | Reached XP level 3. HP: 25/28 MP: 3/3
   558 | D:2      | Found an ancient bone altar of Kikubaaqudgha.
  1012 | D:2      | Reached XP level 4. HP: 15/34 MP: 4/4
  1189 | D:3      | Found a burning altar of Makhleb.
  1211 | D:3      | Found a glowing silver altar of Zin.
  1212 | D:3      | Found a deep blue altar of Sif Muna.
  1213 | D:3      | Found a stormy altar of Qazlal.
  1326 | D:3      | Noticed Sigmund
  1334 | D:3      | Slain by Sigmund

Vault maps used:
D:1:      erik_arrival_triangle_medium
D:2:      lemuel_round_altar, first_bread, kennysheep_generic_room_9
D:3:      grunt_temple_overflow_open, amethyst_killhole, minmay_distorted,
          uniq_sigmund

Skill      XL: |  1  2 |
---------------+-------+-----
Armour         | 1 |  1.9
Staves         | 3 |  3.4
Dodging        | 3 |  3.3
Fighting       | |  2.9
Throwing       | |  1.7

Action                   |  1- 3 |  4- 6 || total
-------------------------+-------+-------++-------
Melee: Quarterstaff      |   127 |    46 ||   173
  Use: Potion            |     1 |       ||     1
 Stab: Sleeping          |     1 |       ||     1
  Eat: Chunk             |       |     2 ||     2
Armor: Leather armour    |    40 |    14 ||    54
Dodge: Dodged            |    95 |    38 ||   133
